[Event "GambitGuide"]
[Site "Internet Chess Club"]
[Date "2014.10.31"]
[Round "1"]
[White "JSBach"]
[Black "petzi"]
[Result "1-0"]
[ICCResult "Black resigns"]
[WhiteElo "1550"]
[BlackElo "2142"]
[Opening "Vienna: `Frankenstein-Dracula' variation"]
[ECO "C27"]
[NIC "VG.02"]
[Time "02:13:09"]
[TimeControl "120+12"]

1. e4 e5 2. Nc3 Nf6 3. Bc4 Nxe4 4. Qh5 Nd6 5. Bb3 Nc6 6. Nb5 g6 7. Qf3 f5 8.
Qd5 Qe7 9. Nxc7+ Kd8 10. Nxa8 b6 11. Ba4 Bb7 12. Nxb6 axb6 13. Qb3 Kc7 14.
Ne2 Bg7 15. O-O Qe6 16. Qxe6 dxe6 17. Re1 b5 18. Bb3 Re8 19. c3 e4 20. Nf4
Kd7 21. Rb1 Ne5 22. Bc2 g5 23. Nh5 Bh8 24. Re3 Bd5 25. a4 Kc6 26. axb5+ Nxb5
27. Ra1 Nc4 28. Rg3 g4 29. b3 Ne5 30. Nf4 Nd6 31. Ra6+ Kc7 32. Ba3 Nb5 33.
Bc5 Ra8 34. Nxd5+ exd5 35. Rxa8 Bf6 36. Re3 Kb7 37. Ra5 Kc6 38. b4 Nc4 39.
Ra6+ {Black resigns} 1-0

[Event "GambitGuide"]
[Site "Internet Chess Club"]
[Date "2014.10.31"]
[Round "1"]
[White "JSBach"]
[Black "VendingMachine"]
[Result "1-0"]
[ICCResult "Black resigns"]
[WhiteElo "1564"]
[BlackElo "1341"]
[Opening "Vienna: `Frankenstein-Dracula' variation"]
[ECO "C27"]
[NIC "VG.02"]
[Time "02:14:56"]
[TimeControl "120+12"]

1. e4 e5 2. Nc3 Nf6 3. Bc4 Nxe4 4. Qh5 Nd6 5. Bb3 Nc6 6. Nb5 g6 7. Qf3 f5 8.
Qd5 Qe7 9. Nxc7+ Kd8 10. Nxa8 b6 11. Ba4 Bb7 12. Nxb6 axb6 13. Qb3 Kc7 14.
Ne2 Qf7 15. Qxf7 Nxf7 16. Bb3 Nd6 17. f4 Bg7 18. fxe5 Nxe5 19. O-O Ne4 20.
a3 Ba6 21. d3 Rf8 22. Re1 Nf6 23. Nd4 Nc6 24. Nf3 Ng4 25. h3 Nf6 26. Bf4+
Kb7 27. d4 Ne4 28. Rad1 Na5 29. Bd5+ Nc6 30. Bxe4 fxe4 31. Be5 Bxe5 32. Nxe5
Nxe5 33. dxe5 Rf4 34. Rxd7+ Kc6 35. Rd4 Kc5 36. Rdxe4 Rxe4 37. Rxe4 Bb7 38.
Re1 Bd5 39. e6 Kd6 40. e7 Bf7 41. e8=R {Black resigns} 1-0

[Event "GambitGuide"]
[Site "Internet Chess Club"]
[Date "2014.10.31"]
[Round "1"]
[White "JSBach"]
[Black "Paganini2"]
[Result "1-0"]
[ICCResult "Black resigns"]
[WhiteElo "1564"]
[BlackElo "1459"]
[Opening "Vienna: `Frankenstein-Dracula' variation"]
[ECO "C27"]
[NIC "VG.02"]
[Time "02:15:49"]
[TimeControl "120+12"]

1. e4 e5 2. Nc3 Nf6 3. Bc4 Nxe4 4. Qh5 Nd6 5. Bb3 Nc6 6. Nb5 g6 7. Qf3 f5 8.
Qd5 Qe7 9. Nxc7+ Kd8 10. Nxa8 b6 11. Ba4 Bb7 12. Nxb6 axb6 13. Qb3 Nc8 14.
Ne2 Qe6 15. Qxe6 dxe6 16. d3 Nd4 17. f3 Bc6 18. Nxd4 Bxa4 19. Nxe6+ Ke7 20.
Nxf8 Rxf8 21. b3 Bc6 22. Bh6 Rd8 23. Bg5+ Ke8 24. Bxd8 Kxd8 25. Rf1 Ke7 26.
Rc1 Kd6 27. Ke2 Kd5 28. b4 b5 29. c4+ bxc4 30. dxc4+ Ke6 31. b5 Bb7 32. a4
Nd6 33. c5 Nc8 34. c6 Ba8 35. a5 Nd6 36. b6 Nb5 37. b7 Bxb7 38. cxb7 Nd6 39.
b8=Q {Black resigns} 1-0

[Event "GambitGuide"]
[Site "Internet Chess Club"]
[Date "2014.10.31"]
[Round "1"]
[White "JSBach"]
[Black "VendingMachine"]
[Result "1-0"]
[ICCResult "Black resigns"]
[WhiteElo "1564"]
[BlackElo "1341"]
[Opening "Vienna: `Frankenstein-Dracula' variation"]
[ECO "C27"]
[NIC "VG.02"]
[Time "02:17:41"]
[TimeControl "120+12"]

1. e4 e5 2. Nc3 Nf6 3. Bc4 Nxe4 4. Qh5 Nd6 5. Bb3 Nc6 6. Nb5 g6 7. Qf3 f5 8.
Qd5 Qe7 9. Nxc7+ Kd8 10. Nxa8 b6 11. Ba4 Bb7 12. Nxb6 axb6 13. Qb3 Kc7 14.
Ne2 Ne4 15. Qb5 Qc5 16. O-O Qd6 17. d3 Nc5 18. Be3 Bg7 19. Rfe1 e4 20. Bf4
Be5 21. Bxe5 Qxe5 22. b3 exd3 23. cxd3 Nxa4 24. Qxa4 Qa5 25. Qh4 h6 26. Qg3+
Kc8 27. Qxg6 {Black resigns} 1-0

[Event "GambitGuide"]
[Site "Internet Chess Club"]
[Date "2014.10.31"]
[Round "1"]
[White "JSBach"]
[Black "petzi"]
[Result "1-0"]
[ICCResult "Black resigns"]
[WhiteElo "1564"]
[BlackElo "2142"]
[Opening "Vienna: `Frankenstein-Dracula' variation"]
[ECO "C27"]
[NIC "VG.02"]
[Time "02:15:53"]
[TimeControl "120+12"]

1. e4 e5 2. Nc3 Nf6 3. Bc4 Nxe4 4. Qh5 Nd6 5. Bb3 Nc6 6. Nb5 g6 7. Qf3 f5 8.
Qd5 Qe7 9. Nxc7+ Kd8 10. Nxa8 b6 11. Ba4 Bb7 12. Nxb6 axb6 13. Qb3 Kc7 14.
Ne2 Bg7 15. Qf3 e4 16. Qb3 Qe6 17. Qxe6 dxe6 18. Bb3 e5 19. Ng3 Nd4 20. Rg1
Ra8 21. Rb1 Nxb3 22. axb3 f4 23. Nf1 g5 24. Kd1 h5 25. Ke1 g4 26. b4 Ba6 27.
h3 Bc4 28. hxg4 hxg4 29. Nh2 Be6 30. Kd1 Bf8 31. Ke2 Nb5 32. g3 f3+ 33. Ke3
Bd5 34. Nxg4 Nd4 35. Nxe5 Nxc2+ 36. Kf4 Bd6 37. d4 exd3 38. Rd1 Rf8+ 39. Kg4
Bxe5 40. Rxd3 Be6+ 41. Kh5 Nd4 42. Be3 Nf5 43. Rc1+ Kb7 44. b3 Bf6 45. Bg5
Rh8+ 46. Kg6 Bxg5 47. Kxg5 Rh2 48. Rf1 Rg2 49. Kf4 Rh2 50. Re1 Bc8 51. Kxf3
Rh6 52. Kf4 Rd6 53. Rxd6 Nxd6 54. g4 {Black resigns} 1-0

[Event "GambitGuide"]
[Site "Internet Chess Club"]
[Date "2014.10.31"]
[Round "1"]
[White "JSBach"]
[Black "Valai"]
[Result "0-1"]
[ICCResult "White checkmated"]
[WhiteElo "1564"]
[BlackElo "2503"]
[Opening "Vienna: `Frankenstein-Dracula' variation"]
[ECO "C27"]
[NIC "VG.02"]
[Time "02:18:24"]
[TimeControl "120+12"]

1. e4 e5 2. Nc3 Nf6 3. Bc4 Nxe4 4. Qh5 Nd6 5. Bb3 Nc6 6. Nb5 g6 7. Qf3 f5 8.
Qd5 Qe7 9. Nxc7+ Kd8 10. Nxa8 b6 11. Ba4 Bb7 12. Nxb6 axb6 13. Qb3 Nc8 14.
Nf3 Nd4 15. Nxd4 exd4+ 16. Kf1 Bg7 17. Qc4 Nd6 18. Qb4 Re8 19. Qxb6+ Kc8 20.
Qxb7+ Kxb7 21. g3 Qe2+ 22. Kg2 Ne4 23. Rf1 Ng5 24. h4 Qf3+ 25. Kh2 Ne4 26.
Kg1 Nxg3 27. fxg3 Qxg3+ 28. Kh1 Re2 29. Bc6+ dxc6 30. Rf2 Qxf2 31. h5 Qg2#
{White checkmated}
0-1

[Event "GambitGuide"]
[Site "Internet Chess Club"]
[Date "2014.10.31"]
[Round "1"]
[White "JSBach"]
[Black "Boden"]
[Result "1/2-1/2"]
[ICCResult "Game drawn by repetition"]
[WhiteElo "1564"]
[BlackElo "1546"]
[Opening "Vienna: `Frankenstein-Dracula' variation"]
[ECO "C27"]
[NIC "VG.02"]
[Time "02:14:52"]
[TimeControl "120+12"]

1. e4 e5 2. Nc3 Nf6 3. Bc4 Nxe4 4. Qh5 Nd6 5. Bb3 Nc6 6. Nb5 g6 7. Qf3 f5 8.
Qd5 Qe7 9. Nxc7+ Kd8 10. Nxa8 b6 11. Ba4 Bb7 12. Nxb6 axb6 13. Qb3 b5 14.
Nf3 Nc4 15. Qxb5 N4a5 16. Qb6+ Kc8 17. O-O Qc5 18. Qxc5 Bxc5 19. Re1 Re8 20.
Ng5 Re7 21. b3 Nd4 22. b4 Bxb4 23. a3 Bd6 24. Rb1 Bc6 25. Bxc6 Naxc6 26. Re3
h6 27. Nf3 Nxc2 28. Rc3 Nd4 29. Kf1 Kc7 30. Nxd4 exd4 31. Rcb3 Bf4 32. Rb7+
Kd6 33. d3 Bxc1 34. Rxc1 Re5 35. a4 Ra5 36. Rc4 g5 37. Rb5 Ra6 38. Rxf5 Ke6
39. Rfc5 Kd6 40. Rb5 Ke6 41. Rbc5 Kd6 42. Rb5 Ke6 43. Rbc5 Kd6 44. Rb5
{Game drawn by repetition}
1/2-1/2

[Event "GambitGuide"]
[Site "Internet Chess Club"]
[Date "2014.10.31"]
[Round "1"]
[White "JSBach"]
[Black "petzi"]
[Result "1-0"]
[ICCResult "Black resigns"]
[WhiteElo "1564"]
[BlackElo "2142"]
[Opening "Vienna: `Frankenstein-Dracula' variation"]
[ECO "C27"]
[NIC "VG.02"]
[Time "02:19:39"]
[TimeControl "120+12"]

1. e4 e5 2. Nc3 Nf6 3. Bc4 Nxe4 4. Qh5 Nd6 5. Bb3 Nc6 6. Nb5 g6 7. Qf3 f5 8.
Qd5 Qe7 9. Nxc7+ Kd8 10. Nxa8 b6 11. Ba4 Bb7 12. Nxb6 axb6 13. Qb3 Kc7 14.
Ne2 Bg7 15. Nc3 Nd4 16. Nd5+ Bxd5 17. Qxd5 Qe6 18. Qxe6 dxe6 19. c3 Nc6 20.
d3 e4 21. d4 b5 22. Bb3 Kd7 23. Bd2 Nc4 24. Bxc4 bxc4 25. b4 Ne7 26. a4 Nd5
27. b5 f4 28. a5 e3 29. fxe3 fxe3 30. Bc1 Nxc3 31. Bxe3 Nxb5 32. Rc1 Rc8 33.
Rd1 Kc6 34. Rf1 Kd5 35. Rf7 Bf8 36. Rb1 Nd6 37. Rxh7 Nf5 38. Rb5+ Ke4 39.
Bf2 Nxd4 40. Rh4+ {Black resigns} 1-0

[Event "GambitGuide"]
[Site "Internet Chess Club"]
[Date "2014.10.31"]
[Round "1"]
[White "JSBach"]
[Black "Ernie1"]
[Result "1-0"]
[ICCResult "Black checkmated"]
[WhiteElo "1564"]
[BlackElo "1397"]
[Opening "Vienna: `Frankenstein-Dracula' variation"]
[ECO "C27"]
[NIC "VG.02"]
[Time "02:19:56"]
[TimeControl "120+12"]

1. e4 e5 2. Nc3 Nf6 3. Bc4 Nxe4 4. Qh5 Nd6 5. Bb3 Nc6 6. Nb5 g6 7. Qf3 f5 8.
Qd5 Qe7 9. Nxc7+ Kd8 10. Nxa8 b6 11. Ba4 Bb7 12. Nxb6 axb6 13. Qb3 Kc7 14.
Ne2 Qg5 15. Qg3 Qf6 16. Qb3 Bg7 17. O-O e4 18. Re1 Ne5 19. d4 Nf3+ 20. gxf3
exf3 21. Qc3+ Kb8 22. Nf4 Bh6 23. Bxd7 Bxf4 24. Bxf4 Ka7 25. Qa3+ Ba6 26.
Qxd6 Qh4 27. Re6 Qg4+ 28. Bg3 Rb8 29. Qxb8# {Black checkmated} 1-0

[Event "GambitGuide"]
[Site "Internet Chess Club"]
[Date "2014.10.31"]
[Round "1"]
[White "JSBach"]
[Black "notNice"]
[Result "1/2-1/2"]
[ICCResult "Game drawn by repetition"]
[WhiteElo "1562"]
[BlackElo "1641"]
[Opening "Vienna: `Frankenstein-Dracula' variation"]
[ECO "C27"]
[NIC "VG.02"]
[Time "02:22:00"]
[TimeControl "120+12"]

1. e4 e5 2. Nc3 Nf6 3. Bc4 Nxe4 4. Qh5 Nd6 5. Bb3 Nc6 6. Nb5 g6 7. Qf3 f5 8.
Qd5 Qe7 9. Nxc7+ Kd8 10. Nxa8 b6 11. Ba4 Bb7 12. Nxb6 axb6 13. Qb3 Kc7 14.
Ne2 Ne4 15. Qb5 Nc5 16. O-O Nxa4 17. Qxa4 Qb4 18. Nc3 Qxa4 19. Nxa4 Bg7 20.
f4 e4 21. Kh1 Nd4 22. c3 Ne6 23. b3 Ra8 24. h3 b5 25. Nb2 d5 26. Kh2 Nc5 27.
a3 Nd3 28. Nxd3 exd3 29. Rf3 d4 30. Rxd3 dxc3 31. dxc3 Rc8 32. Bd2 Kb8 33.
Rc1 Be4 34. Rd7 Rc7 35. Rxc7 Kxc7 36. a4 Kb6 37. axb5 Kxb5 38. c4+ Kb6 39.
Bc3 Bf8 40. Bd4+ Bc5 41. Bxc5+ Kxc5 42. Re1 Bc2 43. Re3 Kd4 44. Rg3 Ke4 45.
Rc3 Bd1 46. b4 Kxf4 47. c5 Be2 48. c6 Ba6 49. Ra3 Bc8 50. Ra8 Be6 51. c7 Ke5
52. b5 Kd6 53. b6 Kc6 54. Rb8 g5 55. Kg1 f4 56. Kf2 h5 57. Ke2 g4 58. h4 Bd7
59. Kf2 Bf5 60. Ke2 Bd7 61. Kf2 Be6 62. Ke2 Bd7 63. Kf2 Be6 64. Ke2 Bd7 65.
Kf2 Be6 66. Ke2 Bd7 67. Kf2 Be6 68. Ke2 Bd7 69. Kf2 Be6 70. Ke2
{Game drawn by repetition}
1/2-1/2

[Event "GambitGuide"]
[Site "Internet Chess Club"]
[Date "2014.10.31"]
[Round "1"]
[White "JSBach"]
[Black "petzi"]
[Result "1-0"]
[ICCResult "Black resigns"]
[WhiteElo "1562"]
[BlackElo "2142"]
[Opening "Vienna: `Frankenstein-Dracula' variation"]
[ECO "C27"]
[NIC "VG.02"]
[Time "02:21:36"]
[TimeControl "120+12"]

1. e4 e5 2. Nc3 Nf6 3. Bc4 Nxe4 4. Qh5 Nd6 5. Bb3 Nc6 6. Nb5 g6 7. Qf3 f5 8.
Qd5 Qe7 9. Nxc7+ Kd8 10. Nxa8 b6 11. Ba4 Bb7 12. Nxb6 axb6 13. Qb3 Kc7 14.
Ne2 e4 15. Qd5 Qe6 16. Nf4 Qf6 17. Qc5 bxc5 18. Nd5+ Kd8 19. Nxf6 Bg7 20.
Nd5 Nd4 21. Ne3 f4 22. Nf1 Bc6 23. Bb3 c4 24. c3 cxb3 25. cxd4 Bb5 26. axb3
Bxd4 27. Ra8+ Nc8 28. Rb8 Bd3 29. Rb4 Bc5 30. Rb7 g5 31. b4 Bd4 32. h4 g4
33. b5 h5 34. Rh2 Rf8 35. Rh1 g3 36. fxg3 fxg3 37. b3 Rf2 38. Nxg3 Rxg2 39.
Nxh5 Nd6 40. Nf4 Rg4 41. Rb8+ Kc7 42. Rf8 Nxb5 43. Nxd3 exd3 44. Rf3
{Black resigns}
1-0

[Event "GambitGuide"]
[Site "Internet Chess Club"]
[Date "2014.10.31"]
[Round "1"]
[White "JSBach"]
[Black "Ernie1"]
[Result "1-0"]
[ICCResult "Black resigns"]
[WhiteElo "1544"]
[BlackElo "1397"]
[Opening "Vienna: `Frankenstein-Dracula' variation"]
[ECO "C27"]
[NIC "VG.02"]
[Time "02:23:12"]
[TimeControl "120+12"]

1. e4 e5 2. Nc3 Nf6 3. Bc4 Nxe4 4. Qh5 Nd6 5. Bb3 Nc6 6. Nb5 g6 7. Qf3 f5 8.
Qd5 Qe7 9. Nxc7+ Kd8 10. Nxa8 b6 11. Ba4 Bb7 12. Nxb6 axb6 13. Qb3 Kc7 14.
Ne2 Qg5 15. O-O Kb8 16. Bxc6 Bxc6 17. Qxb6+ Bb7 18. f3 Nc4 19. Qb5 e4 20. f4
Qg4 21. Qxc4 e3 22. Ng3 h5 23. dxe3 h4 24. Qd4 hxg3 25. Qxh8 gxh2+ 26. Qxh2
Bc5 27. b4 Bb6 28. Qh3 Qe2 29. Qg3 Ba6 30. Re1 Qh5 31. Qh3 {Black resigns}
1-0

[Event "GambitGuide"]
[Site "Internet Chess Club"]
[Date "2014.10.31"]
[Round "1"]
[White "JSBach"]
[Black "Paganini2"]
[Result "0-1"]
[ICCResult "White checkmated"]
[WhiteElo "1544"]
[BlackElo "1459"]
[Opening "Vienna: `Frankenstein-Dracula' variation"]
[ECO "C27"]
[NIC "VG.02"]
[Time "02:20:44"]
[TimeControl "120+12"]

1. e4 e5 2. Nc3 Nf6 3. Bc4 Nxe4 4. Qh5 Nd6 5. Bb3 Nc6 6. Nb5 g6 7. Qf3 f5 8.
Qd5 Qe7 9. Nxc7+ Kd8 10. Nxa8 b6 11. Ba4 Bb7 12. Nxb6 axb6 13. Qb3 Kc7 14.
Ne2 Bh6 15. d3 Bxc1 16. Rxc1 Nd4 17. Nxd4 exd4+ 18. Kd1 b5 19. Re1 bxa4 20.
Qxb7+ Nxb7 21. Rxe7 Nd8 22. Re2 Ne6 23. Re5 Kd6 24. Re1 Nf4 25. g3 Ne6 26.
b4 Nc7 27. a3 Nb5 28. Ra1 Nc3+ 29. Kd2 Rf8 30. h4 Rf6 31. Re8 Re6 32. Rxe6+
dxe6 33. f4 e5 34. Rf1 Nb5 35. fxe5+ Kxe5 36. Ra1 h6 37. Ke2 g5 38. hxg5
hxg5 39. Kd2 g4 40. Ke2 f4 41. gxf4+ Kxf4 42. Rf1+ Kg5 43. Ra1 Kf4 44. Rf1+
Kg5 45. Ra1 Kf4 46. Rf1+ Kg3 47. Ra1 Kh2 48. Ke1 g3 49. c4 dxc3 50. d4 g2
51. Kf2 Nxd4 52. Rg1 c2 53. Rxg2+ Kh3 54. Rg3+ Kh4 55. Rg1 Nb3 56. Ke2 c1=Q
57. Rxc1 Nxc1+ 58. Ke3 Kg5 59. Ke4 Kf6 60. Ke3 Ke6 61. Ke4 Kd6 62. Ke3 Kd5
63. b5 Kc5 64. Kf3 Kxb5 65. Ke3 Kc4 66. Kd2 Na2 67. Kc2 Nc3 68. Kb2 Nb5 69.
Kc1 Kb3 70. Kd2 Kxa3 71. Kd3 Kb2 72. Kc4 Nc3 73. Kd4 a3 74. Ke5 a2 75. Kf4
a1=Q 76. Ke5 Qd1 77. Kf4 Qe1 78. Kf5 Nd5 79. Kg4 Qf1 80. Kg5 Ne7 81. Kg4
Qf5+ 82. Kg3 Nd5 83. Kg2 Ne3+ 84. Kg3 Qf1 85. Kh4 Qg2 86. Kh5 Qg3 87. Kh6
Nf5+ 88. Kh5 Ne7 89. Kh6 Qg6# {White checkmated} 0-1

[Event "GambitGuide"]
[Site "Internet Chess Club"]
[Date "2014.10.31"]
[Round "1"]
[White "JSBach"]
[Black "petzi"]
[Result "1-0"]
[ICCResult "Black resigns"]
[WhiteElo "1544"]
[BlackElo "2142"]
[Opening "Vienna: `Frankenstein-Dracula' variation"]
[ECO "C27"]
[NIC "VG.02"]
[Time "02:24:35"]
[TimeControl "120+12"]

1. e4 e5 2. Nc3 Nf6 3. Bc4 Nxe4 4. Qh5 Nd6 5. Bb3 Nc6 6. Nb5 g6 7. Qf3 f5 8.
Qd5 Qe7 9. Nxc7+ Kd8 10. Nxa8 b6 11. Ba4 Bb7 12. Nxb6 axb6 13. Qb3 Kc7 14.
Ne2 e4 15. Qc3 Qe5 16. O-O Bg7 17. Qxe5 Bxe5 18. Re1 Nd4 19. h3 Nxe2+ 20.
Rxe2 g5 21. d3 f4 22. c4 h5 23. dxe4 Bxe4 24. Bb3 Bd4 25. Rd2 Bc5 26. Bc2
Bxc2 27. Rxc2 Re8 28. Kf1 Re4 29. b3 g4 30. hxg4 hxg4 31. f3 gxf3 32. gxf3
Rd4 33. Rg2 Nf5 34. Ke2 d5 35. cxd5 Rxd5 36. Bxf4+ Kc6 37. Rg6+ {Black
resigns} 1-0

[Event "GambitGuide"]
[Site "Internet Chess Club"]
[Date "2014.10.31"]
[Round "1"]
[White "JSBach"]
[Black "Ernie1"]
[Result "1-0"]
[ICCResult "Black checkmated"]
[WhiteElo "1560"]
[BlackElo "1397"]
[Opening "Vienna: `Frankenstein-Dracula' variation"]
[ECO "C27"]
[NIC "VG.02"]
[Time "02:26:40"]
[TimeControl "120+12"]

1. e4 e5 2. Nc3 Nf6 3. Bc4 Nxe4 4. Qh5 Nd6 5. Bb3 Nc6 6. Nb5 g6 7. Qf3 f5 8.
Qd5 Qe7 9. Nxc7+ Kd8 10. Nxa8 b6 11. Ba4 Bb7 12. Nxb6 Nd4 13. Qc5 Bxg2 14.
Nd5 Qh4 15. Qc7+ Ke8 16. Qxd7# {Black checkmated} 1-0

[Event "GambitGuide"]
[Site "Internet Chess Club"]
[Date "2014.10.31"]
[Round "1"]
[White "JSBach"]
[Black "Paganini2"]
[Result "1-0"]
[ICCResult "Black resigns"]
[WhiteElo "1575"]
[BlackElo "1459"]
[Opening "Vienna: `Frankenstein-Dracula' variation"]
[ECO "C27"]
[NIC "VG.02"]
[Time "02:26:44"]
[TimeControl "120+12"]

1. e4 e5 2. Nc3 Nf6 3. Bc4 Nxe4 4. Qh5 Nd6 5. Bb3 Nc6 6. Nb5 g6 7. Qf3 f5 8.
Qd5 Qe7 9. Nxc7+ Kd8 10. Nxa8 b6 11. Ba4 Bb7 12. Nxb6 axb6 13. Qb3 Kc7 14.
Ne2 Bh6 15. d3 Bxc1 16. Rxc1 e4 17. d4 Na5 18. Qh3 b5 19. Qc3+ Nac4 20. Bxb5
Nxb5 21. Qxc4+ Bc6 22. a4 Nd6 23. Qc5 Nc8 24. Qa5+ Nb6 25. Qa7+ Kd6 26. Qxb6
Rc8 27. Qc5+ Ke6 28. d5+ Bxd5 29. Nf4+ Kf7 30. Qxc8 Qb4+ 31. Qc3 Qxc3+ 32.
bxc3 Bb7 33. a5 Ba6 34. Rd1 Ke7 35. Nd5+ Ke6 36. Nc7+ {Black resigns} 1-0

[Event "GambitGuide"]
[Site "Internet Chess Club"]
[Date "2014.10.31"]
[Round "1"]
[White "JSBach"]
[Black "Ernie1"]
[Result "1-0"]
[ICCResult "Black resigns"]
[WhiteElo "1575"]
[BlackElo "1397"]
[Opening "Vienna: `Frankenstein-Dracula' variation"]
[ECO "C27"]
[NIC "VG.02"]
[Time "02:28:02"]
[TimeControl "120+12"]

1. e4 e5 2. Nc3 Nf6 3. Bc4 Nxe4 4. Qh5 Nd6 5. Bb3 Nc6 6. Nb5 g6 7. Qf3 f5 8.
Qd5 Qe7 9. Nxc7+ Kd8 10. Nxa8 b6 11. Ba4 e4 12. Bxc6 dxc6 13. Qxc6 Bb7 14.
Qc3 Bg7 15. Qc7+ Qxc7 16. Nxc7 Kxc7 17. f3 exf3 18. Nxf3 Ne4 19. d3 Nd6 20.
Kf2 Re8 21. Re1 Rxe1 22. Kxe1 Kd7 23. a4 Nb5 24. axb5 {Black resigns} 1-0

[Event "GambitGuide"]
[Site "Internet Chess Club"]
[Date "2014.10.31"]
[Round "1"]
[White "JSBach"]
[Black "Paganini2"]
[Result "1-0"]
[ICCResult "Black resigns"]
[WhiteElo "1589"]
[BlackElo "1459"]
[Opening "Vienna: `Frankenstein-Dracula' variation"]
[ECO "C27"]
[NIC "VG.02"]
[Time "02:28:35"]
[TimeControl "120+12"]

1. e4 e5 2. Nc3 Nf6 3. Bc4 Nxe4 4. Qh5 Nd6 5. Bb3 Nc6 6. Nb5 g6 7. Qf3 f5 8.
Qd5 Qe7 9. Nxc7+ Kd8 10. Nxa8 b6 11. Ba4 Bb7 12. Nxb6 axb6 13. Qb3 Bg7 14.
Qxb6+ Kc8 15. Nf3 Nc4 16. Qb5 Qb4 17. a3 Qxb5 18. Bxb5 e4 19. Bxc4 exf3 20.
g3 Nd4 21. Kd1 d5 22. Bd3 Re8 23. Re1 Rxe1+ 24. Kxe1 Ba6 25. Bxa6+ Kc7 26.
Bd3 Bh6 27. b4 Kb6 28. a4 Ka7 29. a5 Bg7 30. c3 Nb3 31. Rb1 Nxc1 32. Rxc1
Bh6 33. b5 Kb7 34. a6+ Kb6 35. h4 Bf8 36. Rb1 Bc5 37. h5 Ka7 38. h6 Kb6 39.
Ra1 Ka7 40. Rb1 Bb6 41. Rb4 Bc5 42. Rf4 Bd6 43. Rxf3 Kb6 44. Re3 Bc5 45.
Re6+ Ka7 46. Rxg6 hxg6 47. h7 Bf8 48. h8=Q {Black resigns} 1-0

[Event "GambitGuide"]
[Site "Internet Chess Club"]
[Date "2014.10.31"]
[Round "1"]
[White "JSBach"]
[Black "Boden"]
[Result "1/2-1/2"]
[ICCResult "Game drawn by repetition"]
[WhiteElo "1589"]
[BlackElo "1546"]
[Opening "Vienna: `Frankenstein-Dracula' variation"]
[ECO "C27"]
[NIC "VG.02"]
[Time "02:21:49"]
[TimeControl "120+12"]

1. e4 e5 2. Nc3 Nf6 3. Bc4 Nxe4 4. Qh5 Nd6 5. Bb3 Nc6 6. Nb5 g6 7. Qf3 f5 8.
Qd5 Qe7 9. Nxc7+ Kd8 10. Nxa8 b6 11. Ba4 Bb7 12. Nxb6 axb6 13. Qb3 Kc7 14.
Ne2 Bg7 15. Nc3 Nd4 16. Nd5+ Bxd5 17. Qxd5 Qe6 18. Qxe6 Nxe6 19. Bb3 Nc5 20.
Bd5 e4 21. Ke2 Re8 22. Rg1 Re5 23. c4 b5 24. b4 Nd3 25. Bg8 Nxc4 26. Bxc4
bxc4 27. a3 d5 28. b5 Re6 29. Rb1 Rb6 30. a4 Rb8 31. a5 Bd4 32. b6+ Kb7 33.
Ba3 Ka6 34. Bb4 Rb7 35. Bc3 Bxf2 36. Rgf1 Bc5 37. g4 d4 38. Ba1 Kxa5 39.
gxf5 gxf5 40. Rxf5 Rxb6 41. Rbf1 Rb5 42. Rh5 Nb4 43. Rff5 Nc2 44. Rxc5 Rxc5
45. Rxc5+ Kb4 46. Rc7 Nxa1 47. Rb7+ Kc5 48. Rc7+ Kd5 49. Rd7+ Kc5 50. Rc7+
Kd5 51. Rd7+ Kc5 52. Rc7+ Kb5 53. Rb7+ Kc6 54. Rxh7 Nb3 55. Rh6+ Kd5 56.
Rh5+ Kd6 57. Rh6+ Kd5 58. Rh5+ Kd6 59. Rh6+ Kd5 60. Rh5+ Kd6 61. Rh6+ Kd5
62. Rh5+ Kd6 63. Rh6+ Ke5 64. Rh5+ Kf4 65. Rh4+ Kf5 66. Rh5+ Kf4 67. Rh4+
Ke5 68. Rh5+ Ke6 69. Rh6+ Ke5 70. Rh5+ {Game drawn by repetition} 1/2-1/2

[Event "GambitGuide"]
[Site "Internet Chess Club"]
[Date "2014.10.31"]
[Round "1"]
[White "JSBach"]
[Black "Ernie1"]
[Result "0-1"]
[ICCResult "White checkmated"]
[WhiteElo "1588"]
[BlackElo "1397"]
[Opening "Vienna: `Frankenstein-Dracula' variation"]
[ECO "C27"]
[NIC "VG.02"]
[Time "02:29:45"]
[TimeControl "120+12"]

1. e4 e5 2. Nc3 Nf6 3. Bc4 Nxe4 4. Qh5 Nd6 5. Bb3 Nc6 6. Nb5 g6 7. Qf3 f5 8.
Qd5 Qe7 9. Nxc7+ Kd8 10. Nxa8 b6 11. Ba4 Bb7 12. Nxb6 axb6 13. Qb3 Kc7 14.
Ne2 Qg5 15. Qg3 Qf6 16. Qb3 Bg7 17. a3 Re8 18. O-O Nd4 19. Nxd4 exd4 20. f3
Re2 21. Bb5 Rxg2+ 22. Kxg2 Qg5+ 23. Kh1 Ne4 24. Qf7 Ng3+ 25. hxg3 Qxg3 26.
Qxd7+ Kb8 27. Qd8+ Ka7 28. Rf2 Qxf2 29. Qd5 Bxd5 30. Be2 Qxe2 31. Kg1 Bxf3
32. Rb1 Qg2# {White checkmated} 0-1

[Event "GambitGuide"]
[Site "Internet Chess Club"]
[Date "2014.10.31"]
[Round "1"]
[White "JSBach"]
[Black "petzi"]
[Result "0-1"]
[ICCResult "White checkmated"]
[WhiteElo "1588"]
[BlackElo "2142"]
[Opening "Vienna: `Frankenstein-Dracula' variation"]
[ECO "C27"]
[NIC "VG.02"]
[Time "02:26:53"]
[TimeControl "120+12"]

1. e4 e5 2. Nc3 Nf6 3. Bc4 Nxe4 4. Qh5 Nd6 5. Bb3 Nc6 6. Nb5 g6 7. Qf3 f5 8.
Qd5 Qe7 9. Nxc7+ Kd8 10. Nxa8 b6 11. Ba4 Bb7 12. Nxb6 axb6 13. Qb3 Kc7 14.
Ne2 e4 15. Qd5 Bg7 16. Qb3 Ra8 17. Nf4 Nd4 18. Qb4 Be5 19. Nh3 Nc8 20. Qc3+
Kd8 21. Kd1 Rxa4 22. a3 Qc5 23. Qxc5 bxc5 24. Ng5 Ke7 25. b3 Ra8 26. Rb1 h6
27. Nh3 g5 28. Bb2 Nc6 29. Bxe5 Nxe5 30. a4 d5 31. Rg1 d4 32. Rb2 Nd6 33.
Re1 Kf6 34. Rb1 f4 35. Ra1 Bd5 36. a5 Kf5 37. Ra2 g4 38. Ng1 Ra6 39. Ke2 c4
40. b4 d3+ 41. Kd1 Nb5 42. c3 f3 43. g3 h5 44. h4 gxh3 45. Nxh3 Ng4 46. Rb2
Ke5 47. Kc1 Be6 48. Kb1 Bd7 49. Rd1 Rh6 50. Kc1 h4 51. Rg1 Nf6 52. Ng5 Rh5
53. gxh4 Rxh4 54. Nf7+ Ke6 55. Ng5+ Kf5 56. Nf7 Rh2 57. Rf1 Ng4 58. Rg1 Rg2
59. Re1 Nxf2 60. Rf1 Ng4 61. Rh1 Rh2 62. Rxh2 Nxh2 63. Rb1 f2 64. Kb2 f1=Q
65. Rxf1+ Nxf1 66. Kc1 e3 67. dxe3 Nxe3 68. Kd2 Nd5 69. Ke1 Ndxc3 70. Nh6+
Kg6 71. Ng8 Na2 72. Ne7+ Kf7 73. Nd5 Bc6 74. Nf4 Nxb4 75. Nxd3 cxd3 76. Kf2
Ke6 77. Ke1 Kd5 78. Kd1 Kd4 79. Ke1 Nd5 80. Kd2 Ne3 81. Ke1 Nc4 82. Kf1 Nc3
83. Kg1 d2 84. Kf2 d1=Q 85. Kg3 Qf3+ 86. Kh4 Qg2 87. Kh5 Ne4 88. Kh6 Ne5 89.
Kh7 Nf6+ 90. Kh8 Qg8# {White checkmated} 0-1

[Event "GambitGuide"]
[Site "Internet Chess Club"]
[Date "2014.10.31"]
[Round "1"]
[White "JSBach"]
[Black "CAXIPU"]
[Result "1-0"]
[ICCResult "Black resigns"]
[WhiteElo "1601"]
[BlackElo "1185"]
[Opening "Vienna: `Frankenstein-Dracula' variation"]
[ECO "C27"]
[NIC "VG.02"]
[Time "02:29:17"]
[TimeControl "120+12"]

1. e4 e5 2. Nc3 Nf6 3. Bc4 Nxe4 4. Qh5 Nd6 5. Bb3 Nc6 6. Nb5 g6 7. Qf3 f5 8.
Qd5 Qe7 9. Nxc7+ Kd8 10. Nxa8 b6 11. Ba4 Bb7 12. Nxb6 axb6 13. Qb3 Kc7 14.
Ne2 Nc8 15. Bb5 Qc5 16. a4 h5 17. O-O h4 18. Qd3 Bd6 19. c3 e4 20. Qh3 g5
21. Re1 g4 22. Qe3 g3 23. fxg3 hxg3 24. Nxg3 Bxg3 25. hxg3 Qf8 26. Kf2 Ne5
27. Be2 d5 28. a5 Rh7 29. a6 Ba8 30. Rf1 Rf7 31. Qd4 Qd6 32. Kg1 Ng4 33.
Bxg4 Qxg3 34. Bxf5 Nd6 35. Be6 Re7 36. Qh8 Rg7 37. Rf2 Qg6 38. Qxa8
{Black resigns}
1-0